 Dungeon Crawl Stone Soup version 0.26.0-45-g9c1d065592 (webtiles) character file.

Game seed: 4273741398268895908

133 promet the Stinger (level 5, -4/36 HPs)
             Began as a Merfolk Venom Mage on Jan 29, 2021.
             Slain by a worm (12 damage)
             ... on level 3 of the Dungeon.
             The game lasted 00:15:26 (3345 turns).

promet the Stinger (Merfolk Venom Mage)             Turns: 3345, Time: 00:15:27

Health: -4/36      AC:  2    Str: 10    XL:     5   Next: 16%
Magic:  2/8        EV: 13    Int: 16    God:
Gold:   175        SH:  0    Dex: 14    Spells: 6/9 levels left

rFire    . . .     SeeInvis .   h - +0 spear
rCold    . . .     Faith    .   (no shield)
rNeg     . . .     Spirit   .   a - +0 robe
rPois    .         Reflect  .   (no helmet)
rElec    .         Harm     .   (no cloak)
rCorr    .         Rampage  .   (no gloves)
Will     .....                  (no boots)
Stlth    ++........             (no amulet)
HPRegen  0.12/turn              (no ring)
MPRegen  0.11/turn              (no ring)

@: no status effects
A: change form in water, swift swim, stealthy swim, low mp 1, strong 1
a: no special abilities


You were on level 3 of the Dungeon.
You visited 1 branch of the dungeon, and saw 3 of its levels.

You collected 175 gold pieces.

Inventory:

Hand Weapons
 e - a +2 vorpal hand axe
 h - a +0 spear (weapon)
Missiles
 b - 155 stones
 c - 39 poisoned darts
 g - 53 sling bullets
 i - 17 arrows
 j - 7 javelins (quivered)
Armour
 a - a +0 robe (worn)
Scrolls
 d - 3 scrolls of remove curse
 f - 3 scrolls of teleportation
 k - a scroll of random uselessness {unknown}


   Skills:
 + Level 0.4 Fighting
 + Level 1.2(1.3) Axes
 + Level 0.2(0.8) Maces & Flails
 + Level 0.9(1.8) Polearms
 + Level 0.2 Throwing
 * Level 3.5 Dodging
 + Level 2.8 Stealth
 + Level 2.7 Spellcasting
 + Level 2.2 Transmutations
 + Level 0.4 Air Magic
 + Level 3.9 Poison Magic


You had 6 spell levels left.
You knew the following spells:

 Your Spells              Type           Power        Failure   Level
a - Sting                 Tmut/Pois      48%          5%          1
b - Poisonous Vapours     Pois/Air       18%          12%         2

Your spell library contained the following spells:

 Spells                   Type           Power        Failure   Level
 Ignite Poison            Fire/Tmut/Pois 8%           26%         3
 Mephitic Cloud           Conj/Pois/Air  6%           32%         3
 Olgreb's Toxic Radiance  Pois           14%          36%         4


Dungeon Overview and Level Annotations

Branches:
Dungeon (3/15)

Altars:
Ru
Zin


Innate Abilities, Weirdness & Mutations

You revert to your normal form in water.
You are very nimble and swift while swimming.
You are very stealthy in the water. (Stealth+)
Your magical capacity is low. (-10% MP)
Your muscles are strong. (Str +2)


Message History

You hit the worm.
The worm is moderately wounded.
You barely miss the worm.
The worm is moderately wounded.
The worm bites you!
You hit the worm.
The worm is heavily wounded.
You hit the worm but do no damage.
The worm is heavily wounded.
The worm bites you.
You hit the worm.
The worm is severely wounded.
The worm bites you!
* * * LOW HITPOINT WARNING * * *
You hit the worm.
The worm is severely wounded.
You hit the worm but do no damage.
The worm is severely wounded.
The worm bites you!
You die...

#..........
#####..........
#>.............
######.###........#.
#......# #..........
#......# #........##
#......###)#######..
#...........†.......
#..@..####.#.#######
#...w.# #.#.#...<##
####.....####.#.#.#####
#......................
#.##...?...........####
#.######...............
#.######.........######
#.##...#.####.##.......
#................#..###


You could see a worm.

Vanquished Creatures
  An orc priest (D:3)
  An orc wizard (D:2)
  An adder (D:2)
  2 worms
  2 dart slugs
  3 leopard geckos
  An orc (D:3)
  2 ball pythons
  7 bats
  3 giant cockroaches
  5 goblins
  5 hobgoblins
  2 quokkas (D:3)
  2 frilled lizards
  6 kobolds
  9 rats
52 creatures vanquished.

Notes
Turn   | Place    | Note
-------+----------+-------------------------------------------
     0 | D:1      | promet the Merfolk Venom Mage began the quest for the Orb.
     0 | D:1      | Reached XP level 1. HP: 13/13 MP: 3/3
   207 | D:1      | Reached XP level 2. HP: 15/19 MP: 3/5
   299 | D:1      | Learned a level 2 spell: Poisonous Vapours
   359 | D:1      | Gained mutation: You have supernaturally acute eyesight.
                  | (SInv) [potion of mutation]
   359 | D:1      | Lost mutation: You have supernaturally acute eyesight.
                  | (SInv) [potion of mutation]
   359 | D:1      | Gained mutation: Your magical capacity is low. (-10% MP)
                  | [potion of mutation]
   359 | D:1      | Gained mutation: Your muscles are strong. (Str +2) [potion
                  | of mutation]
   970 | D:2      | Reached XP level 3. HP: 10/24 MP: 2/5
  2274 | D:2      | Found a sacrificial altar of Ru.
  2283 | D:2      | Reached skill level 1 in Axes
  2283 | D:2      | Reached XP level 4. HP: 30/30 MP: 1/7
  2813 | D:3      | Reached XP level 5. HP: 30/36 MP: 5/8
  2825 | D:3      | HP: 1/36 [goblin (1)]
  3277 | D:3      | Found a glowing silver altar of Zin.
  3345 | D:3      | Slain by a worm

Illustrated notes

Levels and vault maps discovered:
D:1:      dpeg_arrival_tiny_i, layout_basic, patterned_corridor
D:2:      layout_basic, nicolae_ru_great_annihilating_truth
D:3:      layout_basic, grunt_decor_junction, minmay_misc_feat_rugged,
          kennysheep_flooded_box

Skill      XL: |  1  2  3 |
---------------+----------+-----
Dodging        | 3 |  3.5
Transmutations | 2 |  2.2
Axes           | 1 |  1.2
Fighting       | |  0.4
Maces & Flails | |  0.2
Polearms       | |  0.9
Throwing       | |  0.2
Stealth        | |  2.8
Spellcasting   | |  2.7
Air Magic      | |  0.4
Poison Magic   | |  3.9

Action                   |  1- 3 |  4- 6 || total
-------------------------+-------+-------++-------
Melee: Club              |    25 |       ||    25
       Unarmed           |     8 |       ||     8
       Hand axe          |    50 |    16 ||    66
       Spear             |       |    42 ||    42
Throw: Javelin           |     2 |     5 ||     7
 Cast: Sting             |    12 |     8 ||    20
       Poisonous Vapours |     6 |     9 ||    15
  Use: Potion            |     5 |       ||     5
       Scroll            |     8 |     1 ||     9
 Stab: Sleeping          |     5 |       ||     5
Armor: Robe              |    23 |     8 ||    31
Dodge: Dodged            |    79 |    45 ||   124
